[Event "FIDE Women GP Monaco 2019"]
[Site "Monaco"]
[Date "2019.12.07"]
[Round "5.2"]
[White "Goryachkina, Aleksandra"]
[Black "Paehtz, Elisabeth"]
[Result "1/2-1/2"]
[ECO "B07"]
[WhiteElo "2572"]
[BlackElo "2475"]
[Annotator "ChessBase"]
[PlyCount "129"]
[EventDate "2019.12.03"]
[EventType "tourn"]
[EventCountry "MNC"]
[SourceTitle "playchess.com"]
[Source "ChessBase"]
[SourceQuality "1"]
[TimeControl "40/5400+30:1800+30"]

1. d4 d6 2. e4 Nf6 3. Nc3 g6 4. Be3 a6 5. Nf3 Bg7 6. Qd2 O-O 7. Bh6 b5 8. Bd3 Nc6 9. Bxg7 Kxg7 10. e5 dxe5 11. dxe5 Ng4 12. O-O-O b4 13. Rhe1 Rb8 14. Na4 Qd5 15. b3 Ncxe5 16. Nxe5 Nxe5 17. Bf1 Qxd2+ 18. Rxd2 Nc6 19. Rd5 e6 20. Rc5 Bb7 21. f3 Ne7 22. Rxc7 Nd5 23. Rc5 Rfc8 24. Bc4 Rxc5 25. Nxc5 Nc3 26. Kb2 a5 27. a3 Nd5 28. axb4 axb4 29. Ra1 Ne3 30. Ra7 Bd5 31. Nxe6+ Kf6 32. Nc5 Rd8 33. Ne4+ Ke6 34. Ng5+ Kf6 35. Nxh7+ Kf5 36. g4+ Kf4 37. Bxd5 Nxd5 38. Rxf7+ Ke3 39. Ng5 Ke2 40. Rb7 Ra8 41. Ne4 Kxf3 42. Nf6 Nxf6 43. Rf7 Kxg4 44. Rxf6 g5 45. c3 bxc3+ 46. Kxc3 Rc8+ 47. Kb2 Rb8 48. Rf2 Kh3 49. Kc3 Rc8+ 50. Kd4 Rd8+ 51. Kc5 Rc8+ 52. Kd5 Rd8+ 53. Kc6 Rc8+ 54. Kd7 Rb8 55. Rb2 Rxb3 56. Rxb3+ Kxh2 57. Rb8 g4 58. Rh8+ Kg2 59. Ke6 g3 60. Ke5 Kf2 61. Rf8+ Ke3 62. Rg8 Kf2 63. Kf4 g2 64. Rxg2+ Kxg2 65. Ke4 1/2-1/2

[Event "FIDE Women GP Monaco 2019"]
[Site "Monaco"]
[Date "2019.12.07"]
[Round "5.3"]
[White "Gunina, Valentina"]
[Black "Harika, Dronavalli"]
[Result "0-1"]
[ECO "D45"]
[WhiteElo "2492"]
[BlackElo "2518"]
[Annotator "ChessBase"]
[PlyCount "60"]
[EventDate "2019.12.03"]
[EventType "tourn"]
[EventCountry "MNC"]
[SourceTitle "playchess.com"]
[Source "ChessBase"]
[SourceQuality "1"]
[TimeControl "40/5400+30:1800+30"]

1. d4 d5 2. c4 e6 3. Nf3 Nf6 4. Nc3 c6 5. e3 Nbd7 6. Qc2 Bd6 7. g4 Nxg4 8. Rg1 Qf6 9. Rxg4 Qxf3 10. Rxg7 Nf6 11. Rg5 Qh1 12. f4 Bd7 13. Bd2 Qxh2 14. O-O-O Rg8 15. Rxg8+ Nxg8 16. f5 Nf6 17. e4 dxe4 18. Nxe4 Nxe4 19. Qxe4 O-O-O 20. fxe6 fxe6 21. c5 Bc7 22. Bc4 Qh3 23. Rh1 Qf5 24. Qxf5 exf5 25. Bg5 Rh8 26. Bf6 Rf8 27. Be7 Rh8 28. Bf6 Rf8 29. Bg7 Re8 30. Rxh7 f4 0-1

[Event "FIDE Women GP Monaco 2019"]
[Site "Monaco"]
[Date "2019.12.07"]
[Round "5.4"]
[White "Muzychuk, Mariya"]
[Black "Zhao, Xue"]
[Result "1/2-1/2"]
[ECO "B31"]
[WhiteElo "2559"]
[BlackElo "2485"]
[Annotator "ChessBase"]
[PlyCount "88"]
[EventDate "2019.12.03"]
[EventType "tourn"]
[EventCountry "MNC"]
[SourceTitle "playchess.com"]
[Source "ChessBase"]
[SourceQuality "1"]
[TimeControl "40/5400+30:1800+30"]

1. e4 c5 2. Nf3 Nc6 3. Bb5 g6 4. Bxc6 dxc6 5. d3 Bg7 6. h3 Qc7 7. Nc3 e5 8. Be3 b6 9. Qd2 f5 10. g3 Ne7 11. O-O-O O-O 12. exf5 Nxf5 13. Ng5 h6 14. Nge4 Kh7 15. Rdf1 Be6 16. h4 Rae8 17. b3 a5 18. f3 Bd5 19. a4 Nd4 20. Qd1 Rd8 21. f4 Nf5 22. Bd2 Qe7 23. h5 c4 24. hxg6+ Kg8 25. Kb1 cxd3 26. cxd3 Bxe4 27. Nxe4 exf4 28. Rxf4 Nxg3 29. Rf7 Rxf7 30. gxf7+ Qxf7 31. Nxg3 Rxd3 32. Ne4 Rxb3+ 33. Kc1 Ra3 34. Bc3 Rxc3+ 35. Nxc3 Qc4 36. Rh3 Bxc3 37. Qd8+ Kh7 38. Qd3+ Qxd3 39. Rxd3 Bb4 40. Rd7+ Kg6 41. Rc7 Bc5 42. Rxc6+ Kg5 43. Kd2 h5 44. Ke2 Kg4 1/2-1/2

[Event "FIDE Women GP Monaco 2019"]
[Site "Monaco"]
[Date "2019.12.07"]
[Round "5.5"]
[White "Muzychuk, Anna"]
[Black "Kosteniuk, Alexandra"]
[Result "0-1"]
[ECO "C43"]
[WhiteElo "2537"]
[BlackElo "2483"]
[Annotator "ChessBase"]
[PlyCount "124"]
[EventDate "2019.12.03"]
[EventType "tourn"]
[EventCountry "MNC"]
[SourceTitle "playchess.com"]
[Source "ChessBase"]
[SourceQuality "1"]
[TimeControl "40/5400+30:1800+30"]

1. e4 e5 2. Nf3 Nf6 3. d4 Nxe4 4. Bd3 d5 5. Nxe5 Nd7 6. Nxd7 Bxd7 7. O-O Be7 8. c4 Nf6 9. c5 b6 10. Qc2 bxc5 11. dxc5 Bc6 12. Nd2 d4 13. Re1 O-O 14. Nc4 a5 15. Bd2 Qd5 16. f3 Qxc5 17. Nxa5 Bd5 18. Nc4 Be6 19. b4 Qa7 20. Na5 Bd6 21. a4 c5 22. bxc5 Rfc8 23. Rxe6 fxe6 24. Qa2 Bxc5 25. Qxe6+ Kh8 26. Nc4 Qd7 27. Qxd7 Nxd7 28. a5 Rcb8 29. Kf1 Bb4 30. Be4 Ra7 31. Rd1 Bxd2 32. Rxd2 Nc5 33. Rxd4 g6 34. Bc6 Rb4 35. Rd8+ Kg7 36. Bd5 Nd3 37. g3 Re7 38. Be4 Nc5 39. Nd2 Ra4 40. Rd5 Rxa5 41. Bc2 Ra1+ 42. Kf2 Rc7 43. h4 Rc1 44. Be4 Ra7 45. h5 Ra5 46. hxg6 Nxe4+ 47. fxe4 Rxd5 48. exd5 hxg6 49. Ne4 Rd1 50. d6 Kf7 51. Ke3 Ke6 52. Kf4 Rd5 53. g4 Rd4 54. d7 Kxd7 55. Ke5 Rc4 56. Nf6+ Ke7 57. Ne4 Ra4 58. Nf6 Ra5+ 59. Nd5+ Kd7 60. Ke4 Ke6 61. Ne3 Ra4+ 62. Kf3 Ke5 0-1

[Event "FIDE Women GP Monaco 2019"]
[Site "Monaco"]
[Date "2019.12.07"]
[Round "5.6"]
[White "Koneru, Humpy"]
[Black "Lagno, Kateryna"]
[Result "1/2-1/2"]
[ECO "D86"]
[WhiteElo "2574"]
[BlackElo "2547"]
[Annotator "ChessBase"]
[PlyCount "69"]
[EventDate "2019.12.03"]
[EventType "tourn"]
[EventCountry "MNC"]
[SourceTitle "playchess.com"]
[Source "ChessBase"]
[SourceQuality "1"]
[TimeControl "40/5400+30:1800+30"]

1. d4 Nf6 2. c4 g6 3. Nc3 d5 4. cxd5 Nxd5 5. e4 Nxc3 6. bxc3 Bg7 7. Bc4 c5 8. Ne2 Nc6 9. Be3 O-O 10. O-O b6 11. dxc5 Qc7 12. Nd4 Ne5 13. Nb5 Qb8 14. Be2 bxc5 15. f4 Ng4 16. Bxc5 a6 17. Na3 Qc7 18. Bd4 e5 19. fxe5 Nxe5 20. Qc1 Bg4 21. Bxg4 Nxg4 22. Qf4 Qxf4 23. Rxf4 Ne5 24. Rb1 Rac8 25. Rff1 Rfe8 26. Rb7 Bf8 27. Nc2 Nc6 28. Bb6 Rb8 29. Rxb8 Rxb8 30. Be3 Rb2 31. Nd4 Ne5 32. Rf2 Rb1+ 33. Rf1 Rb2 34. Rf2 Rb1+ 35. Rf1 1/2-1/2

[Event "FIDE Women GP Monaco 2019"]
[Site "Monaco"]
[Date "2019.12.08"]
[Round "6.1"]
[White "Dzagnidze, Nana"]
[Black "Lagno, Kateryna"]
[Result "0-1"]
[ECO "A05"]
[WhiteElo "2520"]
[BlackElo "2547"]
[Annotator "ChessBase"]
[PlyCount "56"]
[EventDate "2019.12.03"]
[EventType "tourn"]
[EventCountry "MNC"]
[SourceTitle "playchess.com"]
[Source "ChessBase"]
[SourceQuality "1"]
[TimeControl "40/5400+30:1800+30"]

1. Nf3 Nf6 2. c4 g6 3. b3 Bg7 4. Bb2 O-O 5. g3 d6 6. Bg2 e5 7. O-O Re8 8. Nc3 c6 9. e4 a5 10. d4 exd4 11. Nxd4 Na6 12. Re1 Nc5 13. Qc2 Qb6 14. Rad1 Bg4 15. f3 Bd7 16. Kh1 a4 17. bxa4 Qb4 18. Nb3 Be6 19. Bf1 Bxc4 20. Bxc4 Qxc4 21. Rxd6 Nfxe4 22. fxe4 Nxe4 23. Nd2 Nxg3+ 24. Kg2 Qf4 25. Rxe8+ Rxe8 26. Qd3 Nf5 27. Rd7 Ne3+ 28. Kh1 Qg4 0-1

[Event "FIDE Women GP Monaco 2019"]
[Site "Monaco"]
[Date "2019.12.08"]
[Round "6.2"]
[White "Kosteniuk, Alexandra"]
[Black "Koneru, Humpy"]
[Result "1/2-1/2"]
[ECO "C24"]
[WhiteElo "2483"]
[BlackElo "2574"]
[Annotator "ChessBase"]
[PlyCount "80"]
[EventDate "2019.12.03"]
[EventType "tourn"]
[EventCountry "MNC"]
[SourceTitle "playchess.com"]
[Source "ChessBase"]
[SourceQuality "1"]
[TimeControl "40/5400+30:1800+30"]

1. e4 e5 2. Bc4 Nf6 3. d3 c6 4. Nf3 Be7 5. Nc3 d6 6. d4 O-O 7. O-O Na6 8. a4 exd4 9. Nxd4 Nb4 10. Re1 Re8 11. Bg5 h6 12. Bh4 d5 13. exd5 Nfxd5 14. Bxe7 Rxe7 15. Rxe7 Qxe7 16. Nxd5 Nxd5 17. Bxd5 cxd5 18. Qe1 Qe4 19. Qd2 Bd7 20. Re1 Qg6 21. b3 Qd6 22. h3 Rc8 23. Re3 a6 24. Rd3 Qc7 25. c3 Qb6 26. Qf4 Re8 27. Re3 Rxe3 28. Qxe3 Qd6 29. Ne2 a5 30. Qd4 Qg6 31. Kh2 Qe4 32. Qd2 b5 33. axb5 Bxb5 34. Nd4 Bd7 35. Qd1 Qe5+ 36. Kg1 Qc7 37. Qf3 Qe5 38. Qd1 Qc7 39. Qd3 Qe5 40. Qd1 Qc7 1/2-1/2

[Event "FIDE Women GP Monaco 2019"]
[Site "Monaco"]
[Date "2019.12.08"]
[Round "6.3"]
[White "Zhao, Xue"]
[Black "Muzychuk, Anna"]
[Result "0-1"]
[ECO "D80"]
[WhiteElo "2485"]
[BlackElo "2537"]
[Annotator "ChessBase"]
[PlyCount "126"]
[EventDate "2019.12.03"]
[EventType "tourn"]
[EventCountry "MNC"]
[SourceTitle "playchess.com"]
[Source "ChessBase"]
[SourceQuality "1"]
[TimeControl "40/5400+30:1800+30"]

1. d4 Nf6 2. c4 g6 3. Nc3 d5 4. Bg5 Ne4 5. Bh4 Nxc3 6. bxc3 dxc4 7. e3 Be6 8. Be2 Bg7 9. Nh3 c5 10. Nf4 Bf5 11. O-O cxd4 12. cxd4 Nc6 13. Bxc4 O-O 14. Rc1 Qd6 15. Bg3 Qa3 16. Qb3 Qxb3 17. Bxb3 Rac8 18. Nd5 Rfe8 19. Rc5 e6 20. Nc7 Red8 21. Rfc1 Bf8 22. Rb5 Ba3 23. Rc3 Bb2 24. Rcc5 Ba3 25. Rc3 Bb2 26. Rcc5 Bxd4 27. exd4 Nxd4 28. h3 b6 29. Rc4 Ne2+ 30. Kh2 Nxg3 31. Kxg3 Bd3 32. Rbb4 Bxc4 33. Rxc4 Kg7 34. Kf3 h5 35. Ke3 Kf8 36. Ba4 Ke7 37. Bb5 Rd1 38. Ba6 Rcd8 39. Rc2 Re1+ 40. Be2 Rc8 41. Nd5+ Kd8 42. Rxc8+ Kxc8 43. Nc3 Kd7 44. Nd1 Rg1 45. f4 Rxg2 46. Kf3 Rh2 47. Nf2 h4 48. Bb5+ Ke7 49. Bc6 Kd6 50. Be8 Ke7 51. Bc6 Kd6 52. Be8 f5 53. Bxg6 Ke7 54. Bh5 b5 55. a3 a5 56. Ke3 Rg2 57. Be2 Rg3+ 58. Kd4 Rxa3 59. Bxb5 Rf3 60. Nd3 Rxh3 61. Ne5 Rh1 62. Nc6+ Kf6 63. Nxa5 h3 0-1

[Event "FIDE Women GP Monaco 2019"]
[Site "Monaco"]
[Date "2019.12.08"]
[Round "6.4"]
[White "Harika, Dronavalli"]
[Black "Muzychuk, Mariya"]
[Result "1-0"]
[ECO "D79"]
[WhiteElo "2518"]
[BlackElo "2559"]
[Annotator "ChessBase"]
[PlyCount "137"]
[EventDate "2019.12.03"]
[EventType "tourn"]
[EventCountry "MNC"]
[SourceTitle "playchess.com"]
[Source "ChessBase"]
[SourceQuality "1"]
[TimeControl "40/5400+30:1800+30"]

1. Nf3 d5 2. d4 Nf6 3. g3 g6 4. Bg2 Bg7 5. O-O O-O 6. c4 c6 7. cxd5 cxd5 8. Ne5 Ne4 9. Nc3 Bf5 10. Bf4 Nxc3 11. bxc3 Nc6 12. Nxc6 bxc6 13. Qa4 e6 14. Rad1 h6 15. Rfe1 g5 16. Bc1 Qb6 17. e4 Bg6 18. Ba3 Rfb8 19. Bc5 Qb2 20. c4 dxe4 21. Bxe4 Bxe4 22. Rxe4 Rd8 23. Kf1 Bf8 24. Bxf8 Kxf8 25. h4 Rd6 26. hxg5 hxg5 27. Kg1 Rad8 28. Qa5 Qc2 29. Rde1 Qxc4 30. Qxg5 Qd5 31. Qh6+ Ke7 32. Rf4 Qxa2 33. Qg5+ Ke8 34. d5 Qxd5 35. Qg8+ Kd7 36. Qxf7+ Kc8 37. Qxa7 Qb5 38. Rf7 R6d7 39. Qa8+ Kc7 40. Qa7+ Kc8 41. Qa8+ Kc7 42. Rxd7+ Rxd7 43. Ra1 c5 44. Ra7+ Kd6 45. Qf8+ Kc6 46. Ra1 c4 47. Qc8+ Kb6 48. Rc1 Qc6 49. Qxc6+ Kxc6 50. Rxc4+ Kd5 51. Rf4 e5 52. Rf6 e4 53. Kg2 Re7 54. Kh3 Rh7+ 55. Kg4 Rh2 56. Kg5 Kd4 57. g4 Rg2 58. Rf5 Kd3 59. Rf4 Rh2 60. Kf5 Rh8 61. g5 Rf8+ 62. Kg4 Rg8 63. Kh5 Rh8+ 64. Kg6 Rg8+ 65. Kh6 Rh8+ 66. Kg7 Rh3 67. Kf6 Rf3 68. Kf5 Ke2 69. Kxe4 1-0

[Event "FIDE Women GP Monaco 2019"]
[Site "Monaco"]
[Date "2019.12.08"]
[Round "6.5"]
[White "Paehtz, Elisabeth"]
[Black "Gunina, Valentina"]
[Result "1-0"]
[ECO "B11"]
[WhiteElo "2475"]
[BlackElo "2492"]
[Annotator "ChessBase"]
[PlyCount "109"]
[EventDate "2019.12.03"]
[EventType "tourn"]
[EventCountry "MNC"]
[SourceTitle "playchess.com"]
[Source "ChessBase"]
[SourceQuality "1"]
[TimeControl "40/5400+30:1800+30"]

1. e4 c6 2. Nf3 d5 3. Nc3 Bg4 4. h3 Bxf3 5. Qxf3 Nf6 6. Be2 e6 7. O-O Bc5 8. Rd1 Bd4 9. Qf4 Bxc3 10. bxc3 Nxe4 11. Rb1 Qe7 12. Bf3 Ng5 13. Bh5 O-O 14. d3 f6 15. Qa4 Qc7 16. Qf4 Qe7 17. Qa4 Qc7 18. Re1 e5 19. c4 Nd7 20. Ba3 Rfd8 21. Be7 Rdc8 22. Bg4 b5 23. Qa3 dxc4 24. Bd6 Qd8 25. dxc4 Nb6 26. cxb5 Nc4 27. Qb3 cxb5 28. Red1 Rc6 29. Qxb5 Qe8 30. Bc5 Nb6 31. Bd7 Rxc5 32. Qxc5 Qf7 33. Qc6 Rd8 34. Bg4 Rf8 35. Bd7 Qg6 36. h4 Nxd7 37. hxg5 Nb6 38. a4 Qf5 39. gxf6 h5 40. a5 Rxf6 41. Qc5 Na4 42. Qe3 Nc3 43. Qxc3 Qxf2+ 44. Kh1 Rf4 45. Rd3 Rg4 46. Rg1 e4 47. Rh3 Qf5 48. Qc4+ Kh7 49. Qe2 Kg8 50. a6 Qc5 51. Rb1 Qd5 52. Rb8+ Kf7 53. Rb5 Qd4 54. Rhxh5 e3 55. Qf3+ 1-0

[Event "FIDE Women GP Monaco 2019"]
[Site "Monaco"]
[Date "2019.12.10"]
[Round "7.2"]
[White "Gunina, Valentina"]
[Black "Cramling, Pia"]
[Result "0-1"]
[ECO "E11"]
[WhiteElo "2492"]
[BlackElo "2461"]
[Annotator "ChessBase"]
[PlyCount "72"]
[EventDate "2019.12.03"]
[EventType "tourn"]
[EventCountry "MNC"]
[SourceTitle "playchess.com"]
[Source "ChessBase"]
[SourceQuality "1"]
[TimeControl "40/5400+30:1800+30"]

1. d4 Nf6 2. c4 e6 3. Nf3 Bb4+ 4. Bd2 a5 5. g3 d5 6. cxd5 exd5 7. Bg2 O-O 8. O-O Re8 9. Nc3 c6 10. a3 Bd6 11. Qc2 Nbd7 12. Rfe1 h6 13. Nh4 Nb6 14. e4 dxe4 15. Nxe4 Nxe4 16. Rxe4 Rxe4 17. Bxe4 Be6 18. Re1 Qf6 19. Bd3 a4 20. Qd1 Nd5 21. Bc1 Nf4 22. Bxf4 Bxf4 23. Bc2 Bc7 24. Qd3 g6 25. Qe3 Bb6 26. Nxg6 Bxd4 27. Qe2 Bg4 28. Ne7+ Kf8 29. Qd2 Rd8 30. h3 Be6 31. Ng6+ fxg6 32. Qxh6+ Kg8 33. Re2 Bf7 34. Kg2 Bc5 35. Bxa4 Rd3 36. f4 Qd4 0-1

[Event "FIDE Women GP Monaco 2019"]
[Site "Monaco"]
[Date "2019.12.10"]
[Round "7.3"]
[White "Muzychuk, Mariya"]
[Black "Paehtz, Elisabeth"]
[Result "1-0"]
[ECO "D48"]
[WhiteElo "2559"]
[BlackElo "2475"]
[Annotator "ChessBase"]
[PlyCount "107"]
[EventDate "2019.12.03"]
[EventType "tourn"]
[EventCountry "MNC"]
[SourceTitle "playchess.com"]
[Source "ChessBase"]
[SourceQuality "1"]
[TimeControl "40/5400+30:1800+30"]

1. d4 d5 2. c4 c6 3. Nc3 Nf6 4. e3 e6 5. Nf3 Nbd7 6. Bd3 dxc4 7. Bxc4 b5 8. Bd3 a6 9. a4 b4 10. Ne4 Bb7 11. Nxf6+ Nxf6 12. Qe2 c5 13. dxc5 Bxc5 14. e4 Nd7 15. O-O O-O 16. Bf4 f6 17. Bc4 Qe7 18. a5 Kh8 19. Rfd1 Rfe8 20. Rd3 Nf8 21. b3 Bc6 22. Be3 Bxe3 23. Rxe3 Qa7 24. e5 f5 25. Ng5 h6 26. Qh5 Kg8 27. Nh3 Rad8 28. Qxf5 Qd4 29. Qb1 Ng6 30. Bxa6 Nxe5 31. Qe1 Qg4 32. Rg3 Qd4 33. Bf1 Rf8 34. a6 Kh8 35. Rc1 Ba8 36. Rc7 Rg8 37. Qe3 g5 38. Qxd4 Rxd4 39. f4 Ng6 40. fxg5 h5 41. Rd3 Rdd8 42. a7 Bd5 43. Rd4 Rg7 44. Rxg7 Kxg7 45. Rxb4 Ra8 46. Ra4 Bxb3 47. Ra3 Bd5 48. Be2 h4 49. Bf3 Bxf3 50. gxf3 e5 51. Nf2 Nf4 52. Ne4 Ne2+ 53. Kg2 Nd4 54. Kh3 1-0

[Event "FIDE Women GP Monaco 2019"]
[Site "Monaco"]
[Date "2019.12.10"]
[Round "7.4"]
[White "Muzychuk, Anna"]
[Black "Harika, Dronavalli"]
[Result "1/2-1/2"]
[ECO "B31"]
[WhiteElo "2537"]
[BlackElo "2518"]
[Annotator "ChessBase"]
[PlyCount "47"]
[EventDate "2019.12.03"]
[EventType "tourn"]
[EventCountry "MNC"]
[SourceTitle "playchess.com"]
[Source "ChessBase"]
[SourceQuality "1"]
[TimeControl "40/5400+30:1800+30"]

1. e4 c5 2. Nf3 Nc6 3. Bb5 g6 4. Bxc6 dxc6 5. d3 Bg7 6. h3 Qc7 7. Nc3 e5 8. a3 a5 9. O-O Ne7 10. Be3 b6 11. Qc1 h6 12. Nd2 f5 13. exf5 Nxf5 14. Nce4 O-O 15. a4 Be6 16. Nc4 Rab8 17. c3 g5 18. Qc2 Qd7 19. Qe2 Qc7 20. Qh5 Bf7 21. Qg4 Be6 22. Qh5 Bf7 23. Qg4 Be6 24. Qh5 1/2-1/2

[Event "FIDE Women GP Monaco 2019"]
[Site "Monaco"]
[Date "2019.12.11"]
[Round "8.1"]
[White "Dzagnidze, Nana"]
[Black "Kosteniuk, Alexandra"]
[Result "0-1"]
[ECO "A34"]
[WhiteElo "2520"]
[BlackElo "2483"]
[Annotator "ChessBase"]
[PlyCount "118"]
[EventDate "2019.12.03"]
[EventType "tourn"]
[EventCountry "MNC"]
[SourceTitle "playchess.com"]
[Source "ChessBase"]
[SourceQuality "1"]
[TimeControl "40/5400+30:1800+30"]

1. c4 Nf6 2. Nc3 c5 3. g3 d5 4. cxd5 Nxd5 5. Bg2 Nc7 6. d3 e5 7. Be3 Be7 8. Rc1 Nd7 9. Nf3 O-O 10. O-O Rb8 11. Bh3 f5 12. Qb3+ Kh8 13. Nd5 Nxd5 14. Qxd5 b6 15. Nxe5 Nxe5 16. Qxe5 Bd6 17. Qd5 Bb7 18. Qc4 f4 19. Bd2 Qe8 20. Bg4 Qg6 21. Bf3 Bxf3 22. exf3 fxg3 23. fxg3 Bxg3 24. Qe4 Rf5 25. Qg4 Be5 26. Qxg6 hxg6 27. Bc3 Rd8 28. f4 Bxf4 29. Rce1 Rxd3 30. Kg2 Be3 31. Rd1 c4 32. Rfe1 Bg5 33. Re8+ Kh7 34. Rde1 Bd2 35. Bxd2 Rxd2+ 36. R1e2 Rxe2+ 37. Rxe2 b5 38. Rc2 Rf4 39. Kg3 g5 40. Rd2 Kg6 41. Rd7 a6 42. Rc7 Rd4 43. a4 c3 44. Rxc3 Rxa4 45. Rc6+ Kh5 46. Rb6 Rb4 47. Rxa6 Rb3+ 48. Kg2 Rxb2+ 49. Kg3 Rb3+ 50. Kg2 Kg4 51. Rg6 Rb2+ 52. Kg1 Kf3 53. h3 b4 54. Rxg5 b3 55. Rb5 Kg3 56. Kf1 Rb1+ 57. Ke2 b2 58. Rb3+ Kh2 59. Kd3 Rd1+ {[%emt 0:00:00] Kd4} 0-1

[Event "FIDE Women GP Monaco 2019"]
[Site "Monaco"]
[Date "2019.12.11"]
[Round "8.2"]
[White "Zhao, Xue"]
[Black "Lagno, Kateryna"]
[Result "1/2-1/2"]
[ECO "D71"]
[WhiteElo "2485"]
[BlackElo "2547"]
[Annotator "ChessBase"]
[PlyCount "103"]
[EventDate "2019.12.03"]
[EventType "tourn"]
[EventCountry "MNC"]
[SourceTitle "playchess.com"]
[Source "ChessBase"]
[SourceQuality "1"]
[TimeControl "40/5400+30:1800+30"]

1. d4 Nf6 2. c4 g6 3. g3 Bg7 4. Bg2 O-O 5. Nc3 Nc6 6. Nf3 d5 7. cxd5 Nxd5 8. O-O e5 9. Nxd5 e4 10. Ne5 Qxd5 11. Nxc6 Qxc6 12. Bf4 Bg4 13. h3 Be6 14. Rc1 Qd5 15. Bxc7 Bxd4 16. Qa4 b5 17. Qb4 a5 18. Bxa5 Qxa2 19. Qxd4 Rxa5 20. Rc5 Ra4 21. Qe5 Rb4 22. Rxb5 f6 23. Qc5 Rxb2 24. Rxb2 Qxb2 25. Qd6 Bc4 26. Bxe4 Qxe2 27. Bd5+ Bxd5 28. Qxd5+ Rf7 29. Rb1 Kg7 30. Rb8 Qe1+ 31. Kg2 Qe7 32. h4 h5 33. Qc6 Kh6 34. Qc8 Qe4+ 35. Kh2 Qf3 36. Qh8+ Rh7 37. Qf8+ Rg7 38. Qc5 Kh7 39. Qc2 Re7 40. Qa2 Rg7 41. Rf8 Re7 42. Rd8 Rg7 43. Kg1 Qe4 44. Qb3 Qe1+ 45. Kg2 Qe7 46. Qd3 Qb7+ 47. Kh2 Qb6 48. Kg1 Re7 49. Qd5 Qe6 50. Qd4 Qe5 51. Qb6 Qc7 52. Qxc7 1/2-1/2

[Event "FIDE Women GP Monaco 2019"]
[Site "Monaco"]
[Date "2019.12.11"]
[Round "8.3"]
[White "Harika, Dronavalli"]
[Black "Koneru, Humpy"]
[Result "1/2-1/2"]
[ECO "C45"]
[WhiteElo "2518"]
[BlackElo "2574"]
[Annotator "ChessBase"]
[PlyCount "61"]
[EventDate "2019.12.03"]
[EventType "tourn"]
[EventCountry "MNC"]
[SourceTitle "playchess.com"]
[Source "ChessBase"]
[SourceQuality "1"]
[TimeControl "40/5400+30:1800+30"]

1. e4 e5 2. Nf3 Nc6 3. d4 exd4 4. Nxd4 Bc5 5. Nb3 Bb6 6. Qe2 a5 7. a4 Nge7 8. Nc3 O-O 9. Be3 Bxe3 10. Qxe3 d6 11. O-O-O f5 12. f4 fxe4 13. g3 Nb4 14. Bg2 d5 15. Bxe4 c6 16. Rhe1 Nf5 17. Bxf5 Bxf5 18. Nd4 Qd7 19. Nxf5 Qxf5 20. Qe6+ Qxe6 21. Rxe6 Rfe8 22. Rde1 Kf7 23. R6e2 Rxe2 24. Rxe2 Rd8 25. Nd1 Na6 26. Nf2 Nc5 27. b3 Re8 28. Rxe8 Kxe8 29. Kd2 Ke7 30. Nd3 Nd7 31. Ke3 1/2-1/2

[Event "FIDE Women GP Monaco 2019"]
[Site "Monaco"]
[Date "2019.12.11"]
[Round "8.4"]
[White "Paehtz, Elisabeth"]
[Black "Muzychuk, Anna"]
[Result "1/2-1/2"]
[ECO "C89"]
[WhiteElo "2475"]
[BlackElo "2537"]
[Annotator "ChessBase"]
[PlyCount "54"]
[EventDate "2019.12.03"]
[EventType "tourn"]
[EventCountry "MNC"]
[SourceTitle "playchess.com"]
[Source "ChessBase"]
[SourceQuality "1"]
[TimeControl "40/5400+30:1800+30"]

1. e4 e5 2. Nf3 Nc6 3. Bb5 a6 4. Ba4 Nf6 5. O-O Be7 6. Re1 b5 7. Bb3 O-O 8. c3 d5 9. exd5 Nxd5 10. Nxe5 Nxe5 11. Rxe5 c6 12. d3 Bd6 13. Re1 Bf5 14. Qf3 Qf6 15. Bxd5 cxd5 16. Bf4 Bxf4 17. Qxf4 d4 18. cxd4 Rad8 19. Nc3 Rxd4 20. Ne4 Bxe4 21. Qxf6 gxf6 22. Rxe4 Rxd3 23. Rg4+ Kh8 24. Rf4 Kg7 25. Rg4+ Kh8 26. Rf4 Kg7 27. Rg4+ Kh8 1/2-1/2

[Event "FIDE Women GP Monaco 2019"]
[Site "Monaco"]
[Date "2019.12.11"]
[Round "8.5"]
[White "Cramling, Pia"]
[Black "Muzychuk, Mariya"]
[Result "1/2-1/2"]
[ECO "A33"]
[WhiteElo "2461"]
[BlackElo "2559"]
[Annotator "ChessBase"]
[PlyCount "171"]
[EventDate "2019.12.03"]
[EventType "tourn"]
[EventCountry "MNC"]
[SourceTitle "playchess.com"]
[Source "ChessBase"]
[SourceQuality "1"]
[TimeControl "40/5400+30:1800+30"]

1. Nf3 c5 2. c4 Nc6 3. d4 cxd4 4. Nxd4 Nf6 5. Nc3 e6 6. g3 Qb6 7. Ndb5 Ne5 8. Bg2 a6 9. Qa4 Rb8 10. Na3 Be7 11. O-O O-O 12. Qb3 Qc7 13. Bf4 b6 14. Rac1 d6 15. Rfd1 Ng6 16. Bd2 Bb7 17. e4 Rfc8 18. Be3 Ba8 19. h3 Ne5 20. Bf4 h6 21. Qa4 Bc6 22. Qc2 Qb7 23. Qe2 g5 24. Bd2 b5 25. cxb5 axb5 26. b4 Qa7 27. Naxb5 Bxb5 28. Nxb5 Qxa2 29. Nc3 Qc4 30. Rb1 Qxe2 31. Nxe2 Rc4 32. Rbc1 Rxc1 33. Rxc1 d5 34. exd5 Nxd5 35. Bxd5 exd5 36. Bc3 Nc6 37. Rd1 Rb5 38. Ra1 Bxb4 39. Ra8+ Bf8 40. g4 Rb8 41. Ra6 Rc8 42. Kg2 Ne7 43. h4 gxh4 44. Bf6 Ng6 45. Ra2 Re8 46. Nd4 Re4 47. f3 Rf4 48. Nf5 h3+ 49. Kxh3 Rxf3+ 50. Kg2 Rf4 51. Ra8 Rxg4+ 52. Kh3 Rf4 53. Nxh6+ Kh7 54. Ng4 Bg7 55. Ra6 d4 56. Rd6 Rf3+ 57. Kg2 Rd3 58. Kf2 Bxf6 59. Nxf6+ Kh6 60. Ne4 Kg7 61. Nc5 Rc3 62. Ne4 Rc2+ 63. Kf1 Rc1+ 64. Kf2 Rc2+ 65. Kf1 Rc4 66. Nd2 Rc2 67. Rxd4 f5 68. Nf3 f4 69. Rd2 Rc5 70. Kf2 Kf6 71. Rb2 Rc6 72. Rd2 Ne7 73. Rd8 Rc2+ 74. Rd2 Rc3 75. Rd8 Ke6 76. Nd4+ Kf7 77. Ne2 Rc2 78. Rd4 Ng6 79. Kf1 Rc5 80. Kf2 Rf5 81. Kf3 Ne5+ 82. Ke4 f3 83. Kxf5 fxe2 84. Re4 Nf3 85. Rxe2 Nd4+ 86. Ke4 1/2-1/2

[Event "FIDE Women GP Monaco 2019"]
[Site "Monaco"]
[Date "2019.12.11"]
[Round "8.6"]
[White "Goryachkina, Aleksandra"]
[Black "Gunina, Valentina"]
[Result "1-0"]
[ECO "E09"]
[WhiteElo "2572"]
[BlackElo "2492"]
[Annotator "ChessBase"]
[PlyCount "101"]
[EventDate "2019.12.03"]
[EventType "tourn"]
[EventCountry "MNC"]
[SourceTitle "playchess.com"]
[Source "ChessBase"]
[SourceQuality "1"]
[TimeControl "40/5400+30:1800+30"]

1. d4 Nf6 2. c4 e6 3. g3 d5 4. Bg2 Be7 5. Nf3 O-O 6. O-O Nbd7 7. Nbd2 c6 8. Qc2 b6 9. e4 dxc4 10. Nxc4 Bb7 11. Bg5 b5 12. Ne3 h6 13. e5 Nd5 14. Nxd5 cxd5 15. Bxe7 Qxe7 16. Qc7 Rab8 17. Rfc1 Rfc8 18. Qa5 Nb6 19. Rxc8+ Rxc8 20. Qxb5 Rc2 21. Rb1 g6 22. Bf1 Qc7 23. Bd3 Rc1+ 24. Rxc1 Qxc1+ 25. Bf1 Kg7 26. b3 Qc3 27. Kg2 Qc2 28. Qe2 Qb1 29. Qd2 Qa1 30. h4 Nd7 31. Bb5 Nb8 32. Nh2 h5 33. Qf4 Nc6 34. Nf3 Qb1 35. Qf6+ Kg8 36. Ng5 Qf5 37. Qxf5 exf5 38. Bxc6 Bxc6 39. Kf3 Bb5 40. Ke3 Kf8 41. Nh3 Ke7 42. Nf4 Bc6 43. Kd3 Kd7 44. Kc3 Kc7 45. Kb4 Kb6 46. a4 a5+ 47. Ka3 Bb7 48. b4 axb4+ 49. Kxb4 Kc6 50. e6 fxe6 51. Nxe6 1-0